 Dungeon Crawl Stone Soup version 0.27.1 (webtiles) character file.

Game seed: 159736182275681635

3448 acemry the Destroyer (level 9, -1/45 HPs)
             Began as a Deep Elf Conjurer on Sept 4, 2021.
             Was a Priest of Vehumet.
             Slain by a two-headed ogre (20 damage)
             ... on level 8 of the Dungeon.
             The game lasted 00:26:09 (7701 turns).

acemry the Destroyer (Deep Elf Conjurer)            Turns: 7701, Time: 00:26:10

Health: -1/45      AC: 12    Str:  4    XL:     9   Next: 77%
Magic:  7/25       EV: 12    Int: 27    God:    Vehumet [***...]
Gold:   376        SH:  0    Dex: 13    Spells: 20/29 levels left

rFire    . . .     SeeInvis .   k - +3 quarterstaff (chaos)
rCold    . . .     Faith    .   (shield currently unavailable)
rNeg     . . .     Spirit   .   u - +0 steam dragon scales
rPois    .         Reflect  .   (no helmet)
rElec    .         Harm     .   F - +2 cloak
rCorr    .         Rampage  .   d - +0 pair of gloves
Will     .....                  c - +2 pair of boots
Stlth    ++........             b - amulet of regeneration
HPRegen  1.15/turn              (no ring)
MPRegen  0.19/turn              (no ring)

@: no status effects
A: no striking features
a: Renounce Religion


You were on level 8 of the Dungeon.
You worshipped Vehumet.
Vehumet was most pleased with you.
You visited 2 branches of the dungeon, and saw 9 of its levels.
You also visited: Ossuary.

You collected 376 gold pieces.

Inventory:

Hand Weapons
 k - a +3 quarterstaff of chaos (weapon)
 C - a +0 shortbow
Missiles
 D - 46 arrows
Armour
 c - a +2 pair of boots (worn)
 d - a +0 pair of gloves (worn)
 q - a +0 buckler
 u - +0 steam dragon scales (worn)
 F - a +2 cloak (worn)
Magical Staves
 i - a staff of poison
Jewellery
 b - an amulet of regeneration (around neck)
 h - a ring of fire
Wands
 n - a wand of polymorph (7)
 r - a wand of iceblast (8)
Scrolls
 s - 2 scrolls of magic mapping
 v - a scroll of teleportation
Potions
 e - a potion of berserk rage {unknown}
 f - a potion of resistance
 g - 3 potions of lignification
 j - a potion of heal wounds {unknown}
 m - 3 potions of haste
 o - 5 potions of curing
 p - 3 potions of attraction
 t - 2 potions of flight {unknown}
 w - a potion of ambrosia {unknown}
 x - 2 potions of magic {unknown}
 z - a potion of might {unknown}
 A - a potion of degeneration {unknown}
 G - a potion of brilliance {unknown}


   Skills:
 - Level 2.4 Dodging
 - Level 2.4 Stealth
 + Level 10.6 Spellcasting
 * Level 12.9 Conjurations


You had 20 spell levels left.
You knew the following spells:

 Your Spells              Type           Power      Damage    Failure   Level
a - Magic Dart            Conj           100%       1d8       0%          1
b - Searing Ray           Conj           100%       3d7       1%          2
c - Foxfire               Conj/Fire      100%       2x1d9     1%          1
d - Lightning Bolt        Conj/Air       24%        1d40      2%          5

Your spell library contained the following spells:

 Spells                   Type           Power      Damage    Failure   Level
 Static Discharge         Conj/Air       49%        N/A       1%          2
 Poisonous Vapours        Pois/Air       28%        N/A       1%          2
 Dazzling Flash           Conj/Hex       98%        N/A       1%          3
 Fulminant Prism          Conj/Hex       24%        3d13      1%          4
 Iskenderun's Mystic Bla  Conj/Tloc      49%        2d11      1%          4
 Freezing Cloud           Conj/Ice/Air   18%        6-21      5%          5
 Corpse Rot               Necr/Air       N/A        N/A       6%          2
 Maxwell's Capacitive Co  Air            7%         ∞         100%        8


Dungeon Overview and Level Annotations

Branches:
Dungeon (8/15)             Temple (1/1) D:4         Ossuary (visited)
   Lair: D:8-11

Altars:
Ashenzari
Cheibriados
Elyvilon
Fedhas
Gozag
Hepliaklqana
Kikubaaqudgha
Makhleb
Nemelex Xobeh
Qazlal
Ru
Sif Muna
Trog
Uskayaw
Vehumet
Wu Jian
Xom
Yredelemnul
Zin
The Shining One


Message History

Unknown command.
As you read the scroll labelled TOESIZ ZETUSH, it crumbles to dust.
The scroll dissolves into smoke.
It was a scroll of fog.
As you read the scroll of identify, it crumbles to dust.
g - 3 potions of lignification
As you read the scroll of identify, it crumbles to dust.
m - 3 potions of haste A two-headed ogre comes into view.
It is wielding two +0 giant clubs.
A two-headed ogre is nearby!
Casting: Searing Ray (safe; 1% risk of failure)
Confirm with . or Enter, or press ? or * to list all spells.
Aiming: Searing Ray (safe; 1% risk of failure)
Press: ? - help, Shift-Dir - straight line, f - two-headed ogre
Aim: a two-headed ogre, wielding two +0 giant clubs (grey smoke, wandering, hasn't noticed you, 92% to hit)
The searing ray hits the two-headed ogre!
The two-headed ogre is lightly wounded.
The two-headed ogre shouts in stereo! (Press . to maintain the ray.)
The searing ray hits the two-headed ogre!
The two-headed ogre is moderately wounded.
The two-headed ogre barely misses you.
The two-headed ogre hits you with a +0 giant club!
The searing ray hits the two-headed ogre!
The two-headed ogre is heavily wounded.
The two-headed ogre hits you but does no damage. x2
The searing ray hits the two-headed ogre!
The two-headed ogre is almost dead.
You finish channeling your searing ray.
The two-headed ogre completely misses you.
The two-headed ogre closely misses you.
Casting: Searing Ray (safe; 1% risk of failure)
Confirm with . or Enter, or press ? or * to list all spells.
Aiming: Searing Ray (safe; 1% risk of failure)
Press: ? - help, Shift-Dir - straight line, f/p - two-headed ogre
Aim: a two-headed ogre, wielding two +0 giant clubs (grey smoke, almost dead, 92% to hit)
The searing ray hits the two-headed ogre!
The two-headed ogre is almost dead. (Press . to maintain the ray.)
The two-headed ogre hits you with a +0 giant club!! x2
You die...

........#..(.....#####.
.).##########..........
.....# ................
.....# #######.........
######.#######.........
.......).........
........§§######.
#########§## ......§§@#
########O# #§# #.# #..
##. .. .. ...


You could see a two-headed ogre.

Vanquished Creatures
  Maggie (D:8)
  Sigmund (D:6)
  Eustachio (D:5)
  A steam dragon (D:6)
  Menkaure (D:4)
  A water moccasin (D:7)
  An orc warrior (D:8)
  An ice beast (D:8)
  A hornet zombie (D:6)
  A necrophage (D:7)
  2 ogres
  2 centaurs
  A bullfrog (D:6)
  A wyvern zombie (D:6)
  2 scorpions
  4 water moccasin zombies (Ossuary)
  3 water moccasin skeletons
  4 centaur zombies
  A hound (D:4)
  3 orc priests
  2 gnoll shamans (D:6)
  3 jellies
  Crazy Yiuf (D:2)
  2 iguanas
  5 orc wizards
  3 mummies
  A howler monkey zombie (D:6)
  10 gnolls
  4 adders
  2 shadow imps
  2 white imps (D:4)
  An ufetubus (D:3)
  9 adder zombies (Ossuary)
  4 dart slugs
  19 orcs
  5 bats
  3 endoplasms
  3 giant cockroaches
  4 gnoll zombies (Ossuary)
  2 goblins
  5 hobgoblins
  3 quokkas
  3 ball pythons
  3 frilled lizards
  7 hobgoblin zombies (Ossuary)
  3 kobolds
  3 kobold zombies
  4 orc zombies
  2 rats
151 creatures vanquished.

Vanquished Creatures (others)
  2 foxfires (D:8)
  A fungus (D:2)
  8 plants (D:2)
11 creatures vanquished.

Grand Total: 162 creatures vanquished

Notes
Turn   | Place    | Note
-------+----------+-------------------------------------------
     0 | D:1      | acemry the Deep Elf Conjurer began the quest for the Orb.
     0 | D:1      | Reached XP level 1. HP: 10/10 MP: 6/6
   244 | D:1      | Found a faded altar of an unknown god.
   569 | D:1      | Reached XP level 2. HP: 15/15 MP: 5/8
   572 | D:1      | Learned a level 2 spell: Searing Ray
   782 | D:2      | Reached skill level 5 in Conjurations
  1168 | D:2      | Reached XP level 3. HP: 19/19 MP: 7/9
  1577 | D:2      | Found a runed translucent door.
  1578 | D:2      | Noticed Crazy Yiuf
  1585 | D:2      | Killed Crazy Yiuf
  1586 | D:2      | Reached skill level 6 in Conjurations
  1885 | D:3      | Reached XP level 4. HP: 15/24 MP: 7/10
  2065 | D:3      | Reached XP level 5. HP: 28/28 MP: 10/12
  2109 | D:3      | Reached skill level 7 in Conjurations
  2853 | D:4      | Found a staircase to the Ecumenical Temple.
  2876 | Temple   | Entered the Ecumenical Temple
  2936 | Temple   | Became a worshipper of Vehumet
  3319 | D:4      | Reached XP level 6. HP: 29/32 MP: 5/14
  3492 | D:4      | Reached skill level 8 in Conjurations
  3646 | D:4      | Noticed Menkaure
  3649 | D:4      | Killed Menkaure
  4092 | D:5      | Entered Level 5 of the Dungeon
  4106 | D:5      | Reached XP level 7. HP: 36/36 MP: 4/16
  4156 | D:5      | Reached skill level 5 in Spellcasting
  4173 | D:5      | Reached * piety under Vehumet
  4173 | D:5      | Offered knowledge of Sandblast by Vehumet.
  4295 | D:5      | Found a sand-covered staircase.
  4299 | D:5      | Reached skill level 9 in Conjurations
  4301 | Ossuary  | Entered an ossuary
  4563 | Ossuary  | Reached ** piety under Vehumet
  4563 | Ossuary  | Offered knowledge of Foxfire by Vehumet.
  4567 | Ossuary  | Learned a level 1 spell: Foxfire
  4950 | D:5      | Reached skill level 10 in Conjurations
  4950 | D:5      | Reached XP level 8. HP: 38/41 MP: 11/19
  5025 | D:5      | Noticed Eustachio
  5034 | D:5      | Killed Eustachio
  5459 | D:6      | Found a broken altar of Ashenzari.
  5466 | D:6      | Found a shimmering altar of Xom.
  5497 | D:6      | Found a bloodstained altar of Trog.
  5504 | D:6      | Found an ornate altar of the Wu Jian Council.
  5512 | D:6      | Found a hide-covered altar of Uskayaw.
  5520 | D:6      | Found a stormy altar of Qazlal.
  5525 | D:6      | Found a shimmering blue altar of Sif Muna.
  5669 | D:6      | Reached skill level 11 in Conjurations
  5774 | D:6      | Found a snail-covered altar of Cheibriados.
  5854 | D:6      | Offered knowledge of Static Discharge by Vehumet.
  6152 | D:6      | Noticed Sigmund
  6161 | D:6      | Killed Sigmund
  6162 | D:6      | Reached XP level 9. HP: 45/45 MP: 19/23
  6485 | D:7      | Reached skill level 12 in Conjurations
  7476 | D:8      | Reached *** piety under Vehumet
  7490 | D:8      | Learned a level 5 spell: Lightning Bolt
  7567 | D:8      | Reached skill level 10 in Spellcasting
  7662 | D:8      | Noticed Maggie
  7670 | D:8      | Killed Maggie
  7695 | D:8      | Noticed a two-headed ogre
  7701 | D:8      | Slain by a two-headed ogre

Illustrated notes

Levels and vault maps discovered:
D:1:      dpeg_arrival_solitude, layout_loops_ring,
          shapermc_ecumenical_altar_notcrosses
D:2:      layout_rooms, serial_forest, infiniplex_forest_3_way,
          infiniplex_forest_end_1, infiniplex_forest_clump_double,
          infiniplex_forest_clump_diagonal, infiniplex_forest_clump_double,
          minmay_cut_off, uniq_crazy_yiuf_cottage
D:3:      layout_rooms
D:4:      layout_basic, minmay_temple_entry_wispy, serial_park_tiny_2,
          chequers_arboretum, uniq_menkaure
D:5:      layout_rooms, nicolae_ossuary_entry_giza, uniq_eustachio
D:6:      layout_gridville, kennysheep_slug_shrine,
          grunt_temple_overflow_octagram, uniq_sigmund
D:7:      layout_loops_cross, serial_co_window_serial, co_window_paths_b,
          co_window_of_opportunity_a, co_window_paths_a, co_window_corner_a,
          co_window_of_opportunity_a, co_window_corner_b,
          co_window_of_opportunity_c, co_window_corner_b, co_window_4corner_b,
          co_window_paths_d, glass_columns_a
D:8:      layout_basic, uniq_maggie
Temple:   minmay_temple_forest_path

Skill      XL: |  1  2  3  4  5  6  7  8  9 |
---------------+----------------------------+-----
Conjurations   | 5 6 7 8 10 11 12 | 12.9
Spellcasting   | 4 6 8 10 | 10.6
Dodging        | |  2.4
Stealth        | |  2.4

Action                   |  1- 3 |  4- 6 |  7- 9 || total
-------------------------+-------+-------+-------++-------
Melee: Staff             |    57 |    19 |       ||    76
       Quarterstaff      |       |       |    11 ||    11
 Cast: Magic Dart        |    33 |    88 |   102 ||   223
       Searing Ray       |     3 |    10 |    50 ||    63
       Lightning Bolt    |       |       |     1 ||     1
       Foxfire           |       |       |     1 ||     1
  Use: Scroll            |     2 |     2 |    13 ||    17
Armor: Robe              |     1 |    20 |    22 ||    43
       Steam dragon scal |       |       |    11 ||    11
Dodge: Dodged            |     4 |    40 |    59 ||   103
